 Dungeon Crawl Stone Soup version 0.18.1-48-g4cf74bf (webtiles) character file.

14012 Joat the Martial Artist (level 11, -7/102 HPs)
             Began as a Black Draconian Monk on Aug 24, 2016.
             Mangled by a four-headed hydra (10 damage)
             ... on level 8 of the Lair of Beasts.
             The game lasted 01:21:15 (12706 turns).

Joat the Martial Artist (Black Draconian Monk)     Turns: 12706, Time: 01:21:32

Health: -7/102     AC: 12    Str: 14 (17) XL:     11   Next: 83%
Magic:  13/13      EV: 20    Int: 10      God:
Gold:   652        SH:  0    Dex: 17      Spells: 0 memorised, 10 levels left

rFire  . . .     SeeInvis .       - Unarmed
rCold  . . .     Gourm    .     (armour unavailable)
rNeg   . . .     Faith    .     (no shield)
rPois  .         Spirit   .     (helmet restricted)
rElec  +         Dismiss  .     o - +2 cloak
rCorr  .         Reflect  .     b - +0 pair of gloves
SustAt .         Harm     .     F - +0 pair of boots
MR     .....     Clarity  +     (no amulet)
Stlth  +++.......               n - ring of stealth
                                m - +3 ring of strength

@: exhausted, hasted and slowed, not resistant to hostile enchantments, fairly
stealthy
A: breathe lightning, unfitting armour, horns 1, clarity, deterioration 1,
electricity resistance, cold-blooded, AC +7
a: Breathe Lightning


You were on level 8 of the Lair of Beasts.
You were very hungry.

You visited 3 branches of the dungeon, and saw 18 of its levels.
You also visited: Ossuary.

You collected 730 gold pieces.
You spent 78 gold pieces at shops.

Inventory:

Hand Weapons
 w - a +1 blowgun
Missiles
 x - 2 curare-tipped needles
Armour
 b - a +0 pair of gloves (worn)
 o - a +2 cloak (worn)
 F - a +0 pair of boots (worn)
Jewellery
 d - an uncursed amulet of rage
 m - a +3 ring of strength (left hand)
 n - a ring of stealth (right hand)
 y - an uncursed ring of wizardry
 C - an uncursed amulet of regeneration
Wands
 h - a wand of teleportation (2/9)
 l - a wand of polymorph (14/24)
 s - a wand of digging (17/24)
 u - a wand of lightning (7/15)
 A - a wand of paralysis (24/24)
 K - a wand of digging (9/24)
 P - a wand of acid (8/15)
 R - a wand of lightning (2/15)
Scrolls
 f - 2 scrolls of recharging
 r - 4 scrolls of teleportation
 E - a scroll of enchant weapon
 J - a scroll of amnesia
 L - 4 scrolls of remove curse
 O - 3 scrolls of immolation
Potions
 c - a potion of haste
 e - 2 potions of ambrosia
 g - 2 potions of curing
 j - a potion of cure mutation
 k - 2 potions of brilliance
 p - 18 potions of degeneration
 t - 2 potions of might
 v - 2 potions of lignification
 B - 3 potions of flight
 H - a potion of magic
Books
 I - a book of Debilitation

   Spells                             Type                      Level
   a - Corona                         Hexes                        1
   b - Slow                           Hexes                        2
   c - Gell's Gravitas                Hexes/Translocation          3
   d - Inner Flame                    Hexes/Fire                   3
   e - Cause Fear                     Hexes                        4
   f - Leda's Liquefaction            Hexes/Earth                  4
Miscellaneous
 q - a plain deck of changes
Comestibles
 a - 4 bread rations
 i - 7 meat rations
 Q - 3 beef jerkies


   Skills:
 + Level 11.3 Fighting
 * Level 10.9 Dodging
 - Level 1.7 Stealth
 * Level 12.0 Unarmed Combat
 - Level 2.8 Evocations


You had 10 spell levels left.
You didn't know any spells.

Dungeon Overview and Level Annotations

Branches:
Dungeon (9/15)             Temple (1/1) D:5            Lair (8/8) D:9
  Swamp: Lair:3-6    Shoals: Lair:3-6     Snake: Lair:3-6    Spider: Lair:3-6
  Slime: Lair:6-8       Orc: D:9-12

Altars:
Ashenzari
Cheibriados
Dithmenos
Elyvilon
Fedhas
Gozag
Kikubaaqudgha
Makhleb
Nemelex Xobeh
Okawaru
Pakellas
Qazlal
Ru
Sif Muna
Trog
Xom
Yredelemnul
Zin
The Shining One

Shops:
D:4 *   D:7 !

Annotations:
D:5 Prince Ribbit
D:6 exclusion: oklob plant
D:8 atgrul's ghost, novice OgBe
Lair:1 Gastronok
Lair:3 exclusion: hydra
Lair:4 exclusions: wolf and 4 wraiths, Josephine
Lair:6 exclusion: spiny frog
Lair:8 exclusions: door and hydra


Innate Abilities, Weirdness & Mutations

You can breathe wild blasts of lightning.
Your glossy black scales are hard (AC +7).
Your body does not fit into most forms of armour.
You are resistant to electric shocks.
You are cold-blooded and may be slowed by cold attacks.
You have a pair of small horns on your head.
You possess an exceptional clarity of mind.
Your body sometimes deteriorates upon taking damage.


Message History

A red film seems to cover your vision as you go berserk!
You feel yourself moving faster!
You feel mighty! The catoblepas closely misses you.
You feel a strong urge to attack something.
The four-headed hydra is no longer petrified.
There is a dry fountain here.
You feel your anger subside.
You are no longer berserk.
You are exhausted.
You feel yourself slow down.
You are feeling very hungry.
Drink which item? (? for menu, Esc to quit)
You feel yourself speed up.
The catoblepas breathes a plume of calcifying dust at you.
The blast of calcifying dust hits the four-headed hydra.
The blast of calcifying dust hits you!
The four-headed hydra is engulfed in calcifying dust.
The four-headed hydra is moving more slowly.
The four-headed hydra bites you!
You die...

.............#.Y...#...PP....≈.≈≈
...........P..#.§..#.P........≈≈≈
.PP..###.# #.###+#.#...##.##...≈≈
P...#. ##.....##......##..≈≈
....#.! #.#.....#...#.#.#...≈
..... #.......#......... .S .!..#
..⌠.S.+...lY#.+...⌠...# .....
......#.#.D.#.#.......+ .....
#..#..#...@...#..###..# ....$
..D.. ##.§...###.....## .....
#.## ###'#.# ##.#### # #....# ##
#....## #.##..## ## ..P..##
#.....###..#...####P ....#.#
#⌠.<.⌠#........[#... .....#
#.....#...#P........ .P..#
##.⌠.##...#......... ....#
#####........P.....


You could see a catoblepas, a four-headed hydra (petrifying) and a basilisk.

Vanquished Creatures
  A catoblepas (Lair:8)
  The ghost of MTVSty1e the Skirmisher, a novice HuFi (D:7)
  4 black mambas
  5 spiny frogs
  A rime drake (Lair:8)
  A komodo dragon (Lair:8)
  A polar bear (Lair:8)
  5 blink frogs (Lair:3)
  3 basilisks
  Sigmund (D:2)
  A wraith (Lair:4)
  10 yaks (Lair:8)
  4 hippogriffs
  4 wyverns
  8 water moccasins
  5 porcupines
  A black bear (D:4)
  An orc warrior (D:8)
  An ice beast (D:8)
  A phantom (D:9)
  2 ogres
  8 crocodiles
  4 centaurs
  7 giant frogs
  2 scorpions
  3 howler monkeys
  A crimson imp (D:8)
  A quasit (D:8)
  A jelly (D:9)
  A centaur zombie (Ossuary)
  A giant frog zombie (D:8)
  A lava snake (Lair:7)
  4 orc priests
  3 centaur skeletons
  2 hounds
  Crazy Yiuf (D:2)
  An iguana (D:7)
  Natasha (twice) (D:2)
  3 orc wizards
  9 worker ants
  24 sheep
  3 big kobold zombies (Ossuary)
  5 mummies (Ossuary)
  A worker ant zombie (D:6)
  A howler monkey skeleton (D:9)
  8 adders
  11 river rats
  A shadow imp (D:8)
  2 adder skeletons
  An adder zombie (D:5)
  2 worms (D:2)
  4 dart slugs
  3 giant geckos
  31 orcs
  9 bats
  4 giant cockroaches
  A gnoll zombie (Ossuary)
  6 goblins
  5 hobgoblins
  14 jackals
  10 kobolds
  2 quokkas
  2 ball pythons
  2 giant newts
  A hobgoblin zombie (Ossuary)
  2 orc zombies (Ossuary)
  4 rats
  A fungus (Lair:8)
  A plant (Lair:8)
277 creatures vanquished.

Vanquished Creatures (others)
  Blork the orc (D:4)
  An orc wizard (D:8)
  A bush (Lair:7)
  57 fungi
  55 plants
115 creatures vanquished.

Grand Total: 392 creatures vanquished

Notes
Turn   | Place    | Note
--------------------------------------------------------------
     0 | D:1      | Joat the Draconian Monk began the quest for the Orb.
     0 | D:1      | Reached XP level 1. HP: 19/19 MP: 1/1
   186 | D:1      | Reached XP level 2. HP: 19/26 MP: 2/2
   731 | D:2      | Noticed Sigmund
   744 | D:2      | Killed Sigmund
   744 | D:2      | Reached XP level 3. HP: 23/34 MP: 2/4
   744 | D:2      | Reached XP level 4. HP: 28/41 MP: 2/5
   744 | D:2      | Reached XP level 5. HP: 32/47 MP: 2/6
   869 | D:2      | Noticed Natasha
   880 | D:2      | Killed Natasha
   986 | D:2      | Noticed Natasha
  1001 | D:2      | Killed Natasha
  1005 | D:2      | Reached skill level 5 in Unarmed Combat
  1277 | D:2      | Noticed Crazy Yiuf
  1284 | D:2      | Killed Crazy Yiuf
  1284 | D:2      | Reached XP level 6. HP: 53/53 MP: 7/7
  1455 | D:2      | Found a faded altar to an unknown god.
  1961 | D:3      | Found a sacrificial altar of Ru.
  2041 | D:3      | Found a shadowy altar of Dithmenos.
  2091 | D:3      | Found a shattered altar of Ashenzari.
  2475 | D:3      | Found a glowing silver altar of Zin.
  2608 | D:4      | Found Acerriocw's Assorted Antiques.
  2746 | D:4      | Noticed Blork the orc
  3035 | D:4      | Reached skill level 5 in Fighting
  3089 | D:4      | Your scales start taking on a glossy black colour.
  3089 | D:4      | Reached XP level 7. HP: 60/61 MP: 9/9
  3089 | D:4      | Gained mutation: You are resistant to electric shocks. [Black Draconian growth]
  3379 | D:4      | Found a deep blue altar of Sif Muna.
  3570 | D:4      | Killed Blork the orc
  3817 | D:5      | Entered Level 5 of the Dungeon
  3998 | D:5      | Found a white marble altar of Elyvilon.
  4003 | D:5      | Reached skill level 5 in Dodging
  4003 | D:5      | Reached skill level 6 in Unarmed Combat
  4097 | D:5      | Noticed Prince Ribbit
  4251 | D:5      | Found a staircase to the Ecumenical Temple.
  4260 | Temple   | Entered the Ecumenical Temple
  4696 | D:6      | Found a sparkling altar of Nemelex Xobeh.
  4777 | D:6      | Reached XP level 8. HP: 70/70 MP: 10/10
  4871 | D:6      | Found an iron altar of Okawaru.
  5133 | D:6      | Found a blossoming altar of Fedhas.
  5146 | D:6      | Noticed an oklob plant
  5527 | D:7      | Found Okogoett's Distillery.
  5556 | D:7      | Bought a potion of curing for 39 gold pieces
  5556 | D:7      | Bought a potion of curing for 39 gold pieces
  5636 | D:7      | Found an oddly glowing altar of Pakellas.
  5923 | D:7      | Noticed MTVSty1e's ghost (novice HuFi)
  5940 | D:7      | Killed MTVSty1e's ghost
  5940 | D:7      | Reached skill level 7 in Unarmed Combat
  6166 | D:8      | Reached XP level 9. HP: 46/81 MP: 11/11
  6270 | D:8      | Found a sand-covered staircase.
  6322 | Ossuary  | Entered an ossuary
  6395 | Ossuary  | Reached skill level 8 in Unarmed Combat
  6891 | D:8      | Noticed atgrul's ghost (novice OgBe)
  7649 | D:9      | Found a basalt altar of Yredelemnul.
  7649 | D:9      | Found a deep blue altar of Sif Muna.
  7650 | D:9      | Found an opulent altar of Gozag.
  7651 | D:9      | Found a burning altar of Makhleb.
  7717 | D:9      | Found a staircase to the Lair.
  7742 | D:9      | Reached skill level 9 in Unarmed Combat
  7969 | Lair:1   | Entered Level 1 of the Lair of Beasts
  8065 | Lair:1   | Noticed Gastronok
  8159 | Lair:2   | Reached XP level 10. HP: 83/91 MP: 12/12
  8645 | Lair:3   | Noticed a black mamba
  8690 | Lair:3   | Reached skill level 10 in Fighting
  8769 | Lair:3   | Noticed a seven-headed hydra
  8873 | Lair:4   | Noticed a black mamba
  8884 | Lair:4   | Killed a black mamba
  9260 | Lair:4   | Noticed Josephine
  9285 | Lair:4   | Reached skill level 10 in Unarmed Combat
  9480 | Lair:6   | Noticed a spiny frog
  9502 | Lair:6   | Killed a spiny frog
  9664 | Lair:6   | Noticed a spiny frog
  9701 | Lair:6   | Noticed a five-headed hydra
  9778 | Lair:7   | Noticed a molten gargoyle
  9785 | Lair:6   | Noticed a griffon
  9799 | Lair:6   | Noticed a spiny frog
  9810 | Lair:6   | Killed a spiny frog
 10061 | Lair:7   | Reached XP level 11. HP: 76/101 MP: 13/13
 10180 | Lair:8   | Entered Level 8 of the Lair of Beasts
 10209 | Lair:8   | Noticed a four-headed hydra
 10313 | Lair:8   | Noticed a catoblepas
 10429 | Lair:8   | Noticed a death yak
 10445 | Lair:8   | Reached skill level 10 in Dodging
 10722 | Lair:8   | Reached skill level 11 in Unarmed Combat
 11033 | Lair:8   | Killed a catoblepas
 11255 | Lair:8   | Noticed a catoblepas
 12067 | Lair:8   | Gained mutation: You have a pair of small horns on your head. [potion of mutation]
 12067 | Lair:8   | Gained mutation: Your body sometimes deteriorates upon taking damage. [potion of mutation]
 12067 | Lair:8   | Gained mutation: You possess an exceptional clarity of mind. [potion of mutation]
 12626 | Lair:8   | Reached skill level 12 in Unarmed Combat
 12699 | Lair:8   | HP: 4/102 [catoblepas (3)]
 12700 | Lair:8   | HP: 1/102 [catoblepas (3)]
 12706 | Lair:8   | Mangled by a four-headed hydra

Skill      XL: |  1  2  3  4  5  6  7  8  9 10 11 |
---------------+----------------------------------+-----
Dodging        | 3 4 5 6 8 9 10 | 10.9
Fighting       | 4 5 6 7 9 10 11 | 11.3
Evocations     | 2 |  2.8
Unarmed Combat | 5 6 7 9 10 12 | 12.0
Stealth        | |  1.7

Action                   |  1- 3 |  4- 6 |  7- 9 | 10-12 || total
-------------------------+-------+-------+-------+-------++-------
Melee: Unarmed           |    58 |   209 |   445 |   425 ||  1137
       Tailslap          |     4 |    35 |    71 |    82 ||   192
       Punch             |       |     3 |    25 |    32 ||    60
       Headbutt          |       |       |       |     6 ||     6
 Abil: Evoke Berserk Rag |       |     2 |     1 |     1 ||     4
       Breathe Lightning |       |       |    31 |     8 ||    39
  Use: Scroll            |       |       |    23 |    12 ||    35
       Potion            |       |       |     5 |    11 ||    16
 Stab: Sleeping          |     4 |     8 |     9 |     6 ||    27
       Distracted        |       |       |       |     3 ||     3
       Petrifying        |       |       |       |     1 ||     1
  Eat: Chunk             |       |     8 |    15 |    12 ||    35
       Bread ration      |       |       |     2 |     1 ||     3
Armor: Skin              |    14 |    58 |   119 |    99 ||   290
Dodge: Dodged            |    39 |   108 |   346 |   260 ||   753
